 Dungeon Crawl Stone Soup version 0.17.2-1-ge4368a0 (webtiles) character file.

8 ololoev the Skirmisher (level 2, 0/24 HPs)
             Began as a Demonspawn Berserker on July 26, 2016.
             Was a Follower of Trog.
             Slain by a kobold
             ... wielding a +0 whip
              (4 damage)
             ... on level 2 of the Dungeon.
             The game lasted 00:01:18 (156 turns).

ololoev the Skirmisher (Demonspawn Berserker)        Turns: 156, Time: 00:01:19

Health: 0/24       AC:  2    Str: 17    XL:     2   Next: 0%
Magic:  2/2        EV: 12    Int:  8    God:    Trog [*.....]
Gold:   5          SH:  0    Dex: 12    Spells: 0 memorised, 1 level left

rFire  . . .     SeeInvis .     a - +0 hand axe
rCold  . . .     Clarity  .     b - +0 animal skin
rNeg   . . .     SustAt   .     (no shield)
rPois  .         Gourm    .     (no helmet)
rElec  .         Spirit   .     (no cloak)
rCorr  .         Warding  .     (no gloves)
rMut   .         Stasis   .     (no boots)
MR     .....                    (no amulet)
Stlth  +.........               (no ring)
                                (no ring)

@: exhausted, slowed, very slow, not resistant to hostile enchantments, very
unstealthy
A: powered by death 1
a: Berserk, Burn Spellbooks, Renounce Religion


Innate Abilities, Weirdness & Mutations

You regenerate a little health from kills.

Inventory:

Hand Weapons
 a - a +0 hand axe (weapon)
Armour
 b - a +0 animal skin (worn)
Potions
 d - 2 potions of curing {unknown}
 e - a potion of lignification {unknown}
Comestibles
 c - a bread ration
 f - 2 chunks of flesh


   Skills:
 - Level 3.0 Fighting
 * Level 3.0 Axes
 + Level 2.1 Armour
 - Level 1.7 Dodging


You had one spell level left.
You didn't know any spells.


You were on level 2 of the Dungeon.
You worshipped Trog.
Trog was aware of your devotion.
You were not hungry.

You visited 1 branch of the dungeon, and saw 2 of its levels.

You collected 5 gold pieces.

§....§..†.....###.....
§≈≈.≈≈≈≈≈÷............
##≈.≈###≈.............
#≈.≈# #≈............. .
#≈.≈###≈..(......... ..
≈§≈.≈≈§≈≈........####...
....§..§......(.......#
≈≈≈§≈≈≈≈≈.#.....K.....##
.§###§§#.....@.......
#≈.#.###.g......# #§.#.#
#........# .. .....$...#
... ........!.# ≈.
...........#
............#
.............#

Notes
Turn   | Place    | Note
--------------------------------------------------------------
     0 | D:1      | ololoev the Demonspawn Berserker began the quest for the Orb.
     0 | D:1      | Reached XP level 1. HP: 18/18 MP: 1/1
   154 | D:2      | Gained mutation: You regenerate a little health from kills. [demonic ancestry]
   154 | D:2      | Reached XP level 2. HP: 6/24 MP: 2/2
   156 | D:2      | Slain by a kobold

Dungeon Overview and Level Annotations

Branches:
Dungeon (2/15)

Altars:


Message History

Trog accepts your kill.
Your Axes skill increases to level 3!
You see here a quokka corpse.
You butcher the quokka corpse.
You enjoyed that.
f - 2 chunks of flesh You see here a quokka skeleton.
You feel a strong urge to attack something.
A kobold comes into view. It is wielding a whip.
The kobold shouts!
You feel your anger subside.
You are no longer berserk.
You are exhausted.
You feel yourself slow down.
The kobold throws a stone.
The stone misses you.
Found 10 gold pieces.
The kobold throws a stone.
The stone barely misses you.
The kobold throws a stone.
The stone hits you.
Found a dark potion.
A kobold comes into view. It is wielding an enchanted dagger.
You see here a stone.
The kobold shouts!
The kobold hits you with a whip. The kobold completely misses you.
The kobold hits you but does no damage.
A goblin comes into view. It is wielding a club.
You barely miss the kobold.
The goblin shouts!
You hit the kobold.
You kill the kobold!
Trog accepts your kill.
You have reached level 2!
Your demonic ancestry asserts itself...
A wave of death washes over you. The kobold barely misses you. x2
You completely miss the kobold. You barely miss the goblin.
The goblin barely misses you. The kobold hits you with a whip.
The goblin misses you. The kobold misses you.
Unknown command.
You miss the kobold. You hit the goblin.
The goblin is heavily wounded.
The goblin barely misses you. The kobold hits you with a whip.
You die...

You could see a goblin and a kobold.

Vanquished Creatures
  A worm (D:2)
  A quokka (D:2)
  2 goblins (D:2)
  A kobold (D:2)
  A rat (D:2)
6 creatures vanquished.

Action                   || total
-------------------------++-------
Melee: Hand axe          ||    16
Invok: Berserk           ||     1

Vault maps used:
D:1:      dpeg_arrival_oval
D:2:      xom_teletrap_fun, grunt_gozag_breadcrumbs, kennysheep_boxes
